 Dungeon Crawl Stone Soup version 0.30.0-18-gc0e69614cb (webtiles) character file.

Game seed: 14495199628614181094

329 Aksej the Chopper (level 6, 0/56 HPs)
             Began as a Minotaur Fighter on May 24, 2023.
             Killed by nerve-wracking pain
             ... invoked by a shadow imp
              (13 damage)
             ... on level 4 of the Dungeon.
             The game lasted 00:09:09 (3111 turns).

Aksej the Chopper (Minotaur Fighter)                Turns: 3111, Time: 00:09:10

Health: 0/56       AC:  5    Str: 19 (20) XL:     6   Next: 25%
Magic:  5/5        EV: 11    Int:  4 (5)  God:
Gold:   15         SH:  4    Dex:  9 (12) Spells: 4/5 levels left

rFire   + + .        a - +4 war axe (vamp)
rCold   + . .        c - +0 buckler
rNeg    . . .        p - +1 robe of the Blessed Realm {rElec SInv}
rPois   .            (helmet restricted)
rElec   +            (no cloak)
rCorr   .            (no gloves)
SInv    +            e - +1 pair of boots
Will    .....        (no amulet)
Stlth   +            b - ring of protection from cold
HPRegen 0.29/turn    (no ring)
MPRegen 0.09/turn

%: no passive effects
@: flying
A: horns 2, retaliatory headbutt, fire resistance 2, mutation resistance 1
a: no special abilities


You were on level 4 of the Dungeon.
You visited 1 branch of the dungeon, and saw 4 of its levels.

You collected 45 gold pieces.
You spent 30 gold pieces at shops.

Inventory:

Hand Weapons
 a - a +4 vampiric war axe (weapon)
Missiles
 i - 5 boomerangs (quivered)
 n - 5 javelins
Armour
 c - a +0 buckler (worn)
 e - a +1 pair of boots (worn)
 p - the +1 robe of the Blessed Realm (worn) {rElec SInv}
   (You found it on level 3 of the Dungeon)

   rElec:     It insulates you from electricity.
   SInv:      It lets you see invisible.
Jewellery
 b - a ring of protection from cold (left hand)
 f - a ring of flight
Wands
 r - a wand of flame (4)
Scrolls
 h - a scroll of amnesia
 k - a scroll of magic mapping
 o - a scroll of blinking {unknown}
 q - a scroll of teleportation {unknown}
Potions
 d - a potion of might
 g - 4 potions of curing
 l - 2 potions of haste


   Skills:
 * Level 5.1 Fighting
 + Level 5.5 Axes
 + Level 4.5 Armour
 * Level 1.9 Dodging
 + Level 4.3 Shields


You had 4 spell levels left.
You knew the following spells:

 Your Spells              Type           Power      Damage    Failure   Level
a - Magic Dart            Conj           0%         1d3       56%         1

Your spell library contained the following spells:

 Spells                   Type           Power      Damage    Failure   Level
 Shock                    Conj/Air       0%         1d3       56%         1
 Searing Ray              Conj           0%         2d4       71%         2
 Swiftness                Air            0%         N/A       91%         3
 Airstrike                Air            0%         2d(0-16)  100%        4
 Fulminant Prism          Conj/Hex       0%         3d5       100%        4


Dungeon Overview and Level Annotations

Branches:
Dungeon (4/15)
 Temple: D:4-7

Altars:
Nemelex Xobeh

Shops:
D:3 !:

Annotations:
D:3 3 runed translucent doors, Rello's ghost, weakling DsGl
D:4 1 transporter


Innate Abilities, Weirdness & Mutations

You have a pair of horns on your head.
You reflexively headbutt those who attack you in melee.
Your flesh is very heat resistant. (rF++)
You are somewhat resistant to further mutation.


Message History

It was a potion of degeneration.
There was something very wrong with that liquid.
You feel weakened.
You feel dopey.
You feel clumsy. The shadow imp gestures at you. Pain shoots through your body!
It was a potion of flight.
You feel very buoyant.
You fly up into the air.
The shadow imp shouts, "Escape, thou erky dread-bolted measle!"
The shadow imp closely misses you. You furiously retaliate!
You headbutt the shadow imp.
The orc priest hits you with a +0 short sword.
You hit the orc priest.
You feel better.
Your headbutt misses the orc priest.
The orc priest is moderately wounded.
You hit the shadow imp.
The orc priest mumbles some strange prayers to Beogh against you.
Pain shoots through your body! The shadow imp closely misses you.
The orc priest barely misses you.
You closely miss the orc priest.
The orc priest is moderately wounded.
You hit the shadow imp.
The orc priest invokes the aid of Beogh against you.
Beogh smites you! The shadow imp closely misses you. You furiously retaliate!
You headbutt the shadow imp.
You kill the shadow imp!
The orc priest hits you but does no damage.
You slash the orc priest!
You feel better.
You kill the orc priest!
The shadow imp shouts, "Away with thee, thou defiled flat-headed swadder!"
The orc priest looks braver for a moment.
The orc priest invokes the aid of Beogh against you.
Pain shoots through your body!
* * * LOW HITPOINT WARNING * * *
You see here a book of Rime.
The orc priest invokes the aid of Beogh against you.
You barely resist.
The orc priest looks braver for a moment.
The shadow imp gestures at you. Pain shoots through your body!
You die...

#.### #........#.##†#
##.######################.##.#
#.........................##.#
#...................########.#
#...###############.....(....#
##...#8P#...o5.o#P8#.....######
.....#P.#≈≈≈≈≈≈≈#.P#.###.#
##...#$.#..~~~..#..#..##.#
<...©#©)+..~♣~..@.©#©..#.#
##...#$.#..~~~..#..#.....#
##...#P.#≈≈≈≈≈≈≈#.P#.###.#
.#...#8P#...:.).#P8#.# #.#
.#...###############.# #.#
.#...................# #.#
.#.######.....######## #.#
.#.######..)..##########.#
.#......'.)...'..........#


You could see 2 orc priests and a shadow imp.

Vanquished Creatures
  Blork the orc (D:4)
  An orc priest (D:4)
  Robin (D:4)
  4 gnolls (D:3)
  6 adders
  A shadow imp (D:4)
  A white imp (D:3)
  An ufetubus (D:4)
  A worm (D:2)
  2 orcs
  10 ball pythons
  5 endoplasms
  5 giant cockroaches
  18 goblins
  13 hobgoblins
  3 jackals (D:3)
  8 kobolds
  3 quokkas
  6 bats
  A frilled lizard (D:3)
  8 rats
99 creatures vanquished.

Notes
Turn   | Place    | Note
-------+----------+-------------------------------------------
     0 | D:1      | Aksej the Minotaur Fighter began the quest for the Orb.
     0 | D:1      | Reached XP level 1. HP: 19/19 MP: 0/0
   139 | D:1      | Reached XP level 2. HP: 27/27 MP: 1/1
   775 | D:1      | Gained mutation: You are partially covered in iridescent
                  | scales. (AC +2) [potion of mutation]
   775 | D:1      | Gained mutation: Your flesh is cold resistant. (rC+)
                  | [potion of mutation]
   775 | D:1      | Gained mutation: Your natural rate of healing is unusually
                  | fast. [potion of mutation]
   776 | D:1      | Lost mutation: Your natural rate of healing is unusually
                  | fast. [potion of mutation]
   776 | D:1      | Lost mutation: You are partially covered in iridescent
                  | scales. (AC +2) [potion of mutation]
   776 | D:1      | Lost mutation: Your flesh is cold resistant. (rC+) [potion
                  | of mutation]
   776 | D:1      | Gained mutation: You occasionally lose the ability to drink
                  | potions when taking damage. [potion of mutation]
   776 | D:1      | Gained mutation: You have large cloven feet. [potion of
                  | mutation]
   777 | D:1      | Lost mutation: You have large cloven feet. [potion of
                  | mutation]
   777 | D:1      | Lost mutation: You occasionally lose the ability to drink
                  | potions when taking damage. [potion of mutation]
   777 | D:1      | Gained mutation: Your flesh is heat resistant. (rF+)
                  | [potion of mutation]
   777 | D:1      | Gained mutation: You are somewhat resistant to further
                  | mutation. [potion of mutation]
   777 | D:1      | Gained mutation: Your flesh is very heat resistant. (rF++)
                  | [potion of mutation]
   820 | D:2      | Reached XP level 3. HP: 33/33 MP: 2/2
   839 | D:2      | Learned a level 1 spell: Magic Dart
  1097 | D:2      | Found a faded altar of an unknown god.
  1140 | D:2      | Identified the +1 dagger of a treasure trove {drain, MP+9}
  1476 | D:3      | Found a sparkling altar of Nemelex Xobeh.
  1505 | D:3      | Reached XP level 4. HP: 40/40 MP: 3/3
  1597 | D:3      | Found a runed translucent gate.
  1597 | D:3      | Found a runed translucent gate.
  1597 | D:3      | Found a runed translucent gate.
  1599 | D:3      | Identified the +9 dagger of Yesterday {flame, +Blink rF+
                  | rN+ Dex+4}
  1617 | D:3      | Noticed Rello's ghost (weakling DsGl)
  1869 | D:3      | Found Fokaic's Distillery.
  1902 | D:3      | Bought a potion of curing for 30 gold pieces
  1982 | D:3      | Found Quimy's Book Shoppe.
  2089 | D:3      | Reached XP level 5. HP: 33/47 MP: 4/4
  2200 | D:3      | Identified the +1 robe of the Blessed Realm {rElec SInv}
  2334 | D:4      | Found a transporter.
  2358 | D:4      | Noticed Blork the orc
  2373 | D:4      | Killed Blork the orc
  2374 | D:4      | Reached skill level 5 in Axes
  2374 | D:4      | Reached skill level 1 in Dodging
  2610 | D:4      | Found a transporter.
  2853 | D:4      | Identified the +0 robe of Satisfaction {rPois}
  2881 | D:4      | Reached XP level 6. HP: 55/55 MP: 5/5
  2881 | D:4      | Noticed Robin
  2886 | D:4      | Killed Robin
  2887 | D:4      | Reached skill level 5 in Fighting
  3111 | D:4      | Killed from afar by a shadow imp

Illustrated notes

Levels and vault maps discovered:
D:1:      tarquinn_simple_flora_water_d, layout_loops_ring, hangedman_decor_push
D:2:      layout_basic, shapermc_ecumenical_altar_flowoftime, st_stairs_2
D:3:      layout_basic, nemelex_dance_club_becter, biasface_ghost_orc_armoury,
          serial_shops, shop, shop, kennysheep_generic_room_8
D:4:      gammafunk_wand_slinger, layout_basic, kennysheep_minor_cross,
          small_statue_intersection, uniq_blork_the_orc, uniq_robin

Skill      XL: |  1  2  3  4  5  6 |
---------------+-------------------+-----
Fighting       | 4 5 |  5.1
Shields        | 4 |  4.3
Axes           | 3 4 5 |  5.5
Armour         | 4 |  4.5
Dodging        | 1 |  1.9

Action                     |  1- 3 |  4- 6 || total
---------------------------+-------+-------++-------
  Melee: War axe           |    94 |    99 ||   193
         Headbutt          |    10 |    10 ||    20
    Use: Scroll            |     6 |     7 ||    13
         Potion            |     5 |     3 ||     8
 Armour: Scale mail        |    39 |    14 ||    53
         Robe              |       |    20 ||    20
  Dodge: Dodged            |    30 |    57 ||    87
  Block: Buckler           |    21 |    35 ||    56
